 Dungeon Crawl Stone Soup version 0.20.1-1-g8b1a95d (webtiles) character file.

378790 gwathlobal the Executioner (level 22, -14/211 HPs)
             Began as a Hill Orc Fighter on Aug 27, 2017.
             Was a High Priest of Ru.
             Killed from afar by a shadow dragon (31 damage)
             ... with a bolt of negative energy
             ... on level 4 of the Vaults on Aug 28, 2017.
             The game lasted 05:16:18 (46060 turns).

gwathlobal the Executioner (Hill Orc Fighter)      Turns: 46060, Time: 05:16:19

Health: -14/211    AC: 33    Str: 26      XL:     22   Next: 84%
Magic:  22/28      EV: 13    Int: 14      God:    Ru [*****.]
Gold:   3023       SH: 16    Dex: 21 (22) Spells: 32/44 levels left

rFire    + . .     SeeInvis +   U - +5 war axe "Giantbane" {chop, MR+}
rCold    . . .     Gourm    +   N - +2 shield "Kata" {+Blink rPois rF+ MP-9}
rNeg     . . .     Faith    .   b - +7 chain mail "Omiklaink" {MR+ rCorr}
rPois    +         Spirit   .   u - +2 helmet {SInv}
rElec    .         Reflect  .   K - +2 cloak
rCorr    +         Harm     .   k - +2 pair of gloves
MR       ++++.     Clarity  +   A - +2 pair of boots {run}
Stlth    ..........             X - amulet "Ymyopi" {Gourm Str+4 Dex+3}
Regen    0.5/turn               r - ring of Jihid {MR+ Dex+4}
MPRegen  0.3/turn               e - ring of Suspected Treachery {+Fly Int+4}

@: exhausted, hasted, heavily drained, very quick
A: blink, blurry vision 1, clarity, deterioration 1, wild magic 1, no potion
heal 1, no stealth, hated by all, no fire magic, no summoning magic, no
transmutations magic, inexperienced 1
}: 2/15 runes: decaying, gossamer
a: Blink, Draw Out Power, Power Leap, Apocalypse, Renounce Religion, Evoke
Blink, Evoke Flight


You were on level 4 of the Vaults.
You worshipped Ru.
Ru was extremely pleased with you.
You were very full.

You visited 7 branches of the dungeon, and saw 38 of its levels.
You also visited: Labyrinth, Sewer and Ice Cave.

You collected 4197 gold pieces.
You spent 1174 gold pieces at shops.

Inventory:

Hand Weapons
 J - a +4 hand axe of flaming
 U - the +5 war axe "Giantbane" (weapon) {chop, MR+}
   (You bought it in a shop on level 2 of the Orcish Mines)

   It inflicts extra damage upon your enemies.
   It affects your resistance to hostile enchantments.
Armour
 b - the +7 chain mail "Omiklaink" (worn) {MR+ rCorr}
   (You found it in a labyrinth)

   It affects your resistance to hostile enchantments.
   It protects you from acid and corrosion.
 k - a +2 pair of gloves (worn)
 u - a +2 helmet of see invisible (worn)
 A - a +2 pair of boots of running (worn)
 G - the +1 pair of gloves "Foxed" {+Inv rPois Str-3}
   (You found it on level 3 of the Vaults)

   It affects your strength (-3).
   It protects you from poison.
   It lets you turn invisible.
 K - a +2 cloak (worn)
 N - the +2 shield "Kata" (worn) {+Blink rPois rF+ MP-9}
   (You took it off Donald on level 2 of the Elven Halls)

   It protects you from fire.
   It protects you from poison.
   It affects your magic capacity (-9).
   It lets you blink.
Jewellery
 e - the ring of Suspected Treachery (right hand) {+Fly Int+4}
   (You bought it in a shop on level 4 of the Vaults)

   [ring of flight]

   It affects your intelligence (+4).
   It lets you fly.
 m - an uncursed ring of wizardry
 n - an uncursed ring of ice
 r - the ring of Jihid (left hand) {MR+ Dex+4}
   (You acquired it on level 1 of the Elven Halls)

   [ring of protection from magic]

   It affects your dexterity (+4).
   It affects your resistance to hostile enchantments.
 Q - a +5 ring of evasion
 X - the amulet "Ymyopi" (around neck) {Gourm Str+4 Dex+3}
   (You found it in a labyrinth)

   [amulet of the gourmand]

   It allows you to eat raw meat even when not hungry.
   It affects your strength (+4).
   It affects your dexterity (+3).
 Z - an uncursed ring of fire
Wands
 q - a wand of disintegration (1/24)
 t - a wand of lightning (8/15)
 x - a wand of digging (15/24)
 z - a wand of flame (0/48)
 I - a wand of paralysis (4/24)
 P - a wand of acid (0/15)
 V - a wand of iceblast (0/15)
 Y - a wand of digging (14/24)
Scrolls
 o - 17 scrolls of remove curse
 s - a scroll of blinking
 v - 7 scrolls of identify
 w - 4 scrolls of magic mapping
 y - 15 scrolls of teleportation
 L - a scroll of brand weapon
 M - 3 scrolls of fog
 S - 3 scrolls of fear
Potions
 c - 2 potions of lignification
 d - 2 potions of haste
 g - 3 potions of brilliance
 i - 7 potions of curing
 p - 3 potions of invisibility
 B - 3 potions of magic
 C - 2 potions of heal wounds
 D - 3 potions of berserk rage
 E - a potion of cancellation
 H - 4 potions of agility
 O - 8 potions of ambrosia
 R - a potion of resistance
 W - 4 potions of might
Books
 F - a book of Party Tricks

   Spells                             Type                      Level
   a - Summon Butterflies             Summoning                    1
   b - Apportation                    Translocation                1
   c - Lesser Beckoning               Translocation                3
   d - Tukima's Dance                 Hexes                        3
   e - Alistair's Intoxication        Transmutation/Poison         5
   f - Invisibility                   Hexes                        6
 T - a book of Geomancy

   Spells                             Type                      Level
   a - Sandblast                      Earth                        1
   b - Passwall                       Transmutation/Earth          2
   c - Stone Arrow                    Conjuration/Earth            3
   d - Petrify                        Transmutation/Earth          4
   e - Lee's Rapid Deconstruction     Earth                        5
Comestibles
 f - 25 bread rations
 h - 71 fruits
 j - 6 meat rations
 l - 17 royal jellies


   Skills:
 + Level 20.8(18.7) Fighting
 + Level 21.5(19.4) Axes
 + Level 14.3(12.5) Armour
 - Level 7.4(5.9) Dodging
 - Level 15.0(13.2) Shields
 * Level 11.8(10.0) Spellcasting
 * Level 14.5(12.7) Hexes
 + Level 10.4(8.7) Evocations


You had 32 spell levels left.
You knew the following spells:

 Your Spells              Type           Power        Failure   Level  Hunger
a - Confuse               Hex            ######..     1%          3    #......
b - Tukima's Dance        Hex            ######..     1%          3    #......
c - Invisibility          Hex            ######..     50%         6    ######.


Dungeon Overview and Level Annotations

Branches:
Dungeon (15/15)            Temple (0/1) D:6            Lair (6/6) D:11
  Swamp (4/4) Lair:4       Spider (4/4) Lair:4        Slime (0/5) Lair:6
    Orc (2/2) D:10            Elf (2/3) Orc:2        Vaults (5/5) D:14
  Crypt (0/3) Vaults:3     Depths (0/5) D:15

Altars:
Ashenzari
Dithmenos
Fedhas
Gozag
Kikubaaqudgha
Makhleb
Okawaru
Ru
Yredelemnul
Beogh
Jiyva

Shops:
D:4 (   D:5 }   D:7 %   Orc:1 :   Orc:2 }(*:   Vaults:3 ?   Vaults:4 =

Annotations:
D:3 Sigmund
Lair:6 1 runed door
Elf:2 3 runed doors
Vaults:5 Sharkie's ghost, veteran HOMo


Innate Abilities, Weirdness & Mutations

You cannot be stealthy.
You are hated by all.
You cannot study or cast Fire magic.
You cannot study or cast Summoning magic.
You cannot study or cast Transmutations magic.
You are somewhat inexperienced. (-2 XL)
You can translocate small distances at will.
Scrolls take you a little longer to read.
You possess an exceptional clarity of mind.
Your body sometimes deteriorates upon taking damage.
Your spells are a little harder to cast, but a little more powerful.
Potions are less effective at restoring your health.


Message History

Press: ? - help, Shift-Dir - straight line, f - phantasmal warrior
Aim: a phantasmal warrior (heavily damaged, chance to defeat MR: 46%)
The phantasmal warrior resists with some effort.
This wand has 2 charges left.
Okay, then.
Evoke which item? (* to show all) (? for menu, Esc to quit)
Aiming: Disintegrate
Press: ? - help, Shift-Dir - straight line, f - antimagic dire flail, p - phantasmal warrior
Aim: an antimagic dire flail (magic immune)
The antimagic dire flail is unaffected.
This wand has 1 charge left.
You slash the antimagic dire flail!
The antimagic dire flail is severely damaged.
You hit the antimagic dire flail but do no damage.
The antimagic dire flail is severely damaged.
The antimagic dire flail is stunned by your will and fails to attack.
You slash the antimagic dire flail!
The antimagic dire flail falls from the air.
The shadow dragon breathes negative energy at you.
The bolt of negative energy hits you!
You feel drained.
You die...

#......# #.........#..#######
#(.....# #.........#..'.# #.'
#...<..# #.........#..#######
#......# #.........#..'.#.#.#
#####'#### #.........#.†###'#'#
.........# #.........'.........
.........# ###########.........
.........# #############'####
.........# #@)..W..........#
.........# #.#...#.........#
.........# #....D.....###..#
.........# #...#9......#...#
.........# #..###.C..(.....#
.[.[.....# #)......>(#...#.#
.))[.....# #......)[([(....#
.........###############[########
.........[...(........[..[).[...(


You could see a shadow dragon, an ettin, a war gargoyle and a phantasmal
warrior.

Vanquished Creatures
  Arachne (Spider:2)
  2 liches (Vaults:4)
  A thorn hunter (Swamp:3)
  A shadow dragon (Vaults:5)
  2 storm dragons
  Roxanne (Spider:2)
  Donald (Elf:2)
  Kirke (Spider:1)
  3 tengu reavers
  2 deep elf sorcerers
  A fire giant (Vaults:4)
  3 frost giants
  5 emperor scorpions
  2 ghost moths (Spider:4)
  14 vault wardens
  Louise (Swamp:4)
  An orc warlord (Orc:2)
  9 ironheart preservers
  6 stone giants
  8 entropy weavers
  2 very ugly things
  Azrael (D:13)
  3 deep elf demonologists
  A deep elf annihilator (Vaults:2)
  2 spark wasps
  The ghost of Gelerth the Basher, a journeyman VSFi of Okawaru (Swamp:3)
  2 deep elf death magi
  Snorg (D:13)
  3 ettins
  A minotaur (Lab)
  2 fire dragons
  3 crystal guardians
  Fannar (Lair:1)
  23 hydras
  2 rakshasas
  2 deep elf high priests
  5 great orbs of eyes
  5 yaktaur captains
  8 ice dragons
  A ghost crab (Swamp:1)
  A catoblepas (Lair:6)
  3 death knights
  32 vault guards
  A queen ant (Lair:5)
  5 centaur warriors
  7 death scarabs (Spider:4)
  5 death yaks (Lair:6)
  3 deep troll shamans
  33 dancing weapons
  7 ogre magi
  8 alligators
  Urug (Lair:4)
  23 two-headed ogres
  5 orc high priests
  4 deep troll earth magi (Vaults:1)
  15 deep elf knights
  14 skeletal warriors
  A shadow wraith (D:14)
  An unseen horror (D:15)
  2 flayed ghosts (Vaults:4)
  A glowing orange brain (Vaults:1)
  3 spectral wolf spiders (Spider:4)
  4 spriggan druids
  6 swamp dragons (Swamp:4)
  4 wizards
  A phantasmal warrior (Vaults:4)
  11 deep elf archers
  15 deep trolls
  10 ironbrand convokers
  22 orc knights
  A wolf spider zombie (Spider:4)
  3 necromancers
  A lindwurm (Lair:6)
  27 wolf spiders
  A harpy (shapeshifter) (Elf:1)
  14 orb spiders
  5 orc sorcerers
  63 deep elf magi
  15 ugly things
  A manticore (shapeshifter) (D:15)
  A salamander (shapeshifter) (Elf:1)
  2 manticores (D:15)
  4 cyclopes
  3 moths of wrath
  2 black mambas
  23 elephants
  A stone giant skeleton (Vaults:5)
  The ghost of gwathlobal the Chopper, a novice CeBe of Trog (D:5)
  12 vault sentinels
  4 ice statues (IceCv)
  2 storm dragon simulacra
  4 gargoyles
  A torpor snail (Spider:3)
  16 spiny frogs
  4 komodo dragons
  A rime drake (Lair:4)
  5 spectral redbacks (Spider:4)
  48 yaktaurs
  2 redback zombies (Spider:4)
  9 freezing wraiths
  8 ice devils (IceCv)
  2 efreet (D:15)
  10 demonic crawlers
  39 jumping spiders
  12 trolls
  A merfolk (shapeshifter) (Vaults:4)
  10 hornets
  Grinder (D:6)
  A spectral jumping spider (Spider:4)
  6 tyrant leeches
  5 dream sheep (Lair:4)
  2 spectral tarantellas (Spider:4)
  11 bog bodies
  19 blink frogs
  4 jumping spider zombies (Spider:4)
  9 hippogriffs
  A frost giant simulacrum (Vaults:2)
  A tarantella zombie (Spider:4)
  45 slime creatures
  A spriggan (shapeshifter) (Vaults:1)
  3 spriggans (Swamp:3)
  A vampire (D:12)
  4 air elementals
  84 redbacks
  A shapeshifter (Vaults:2)
  3 water elementals
  5 shadows
  41 tarantellas
  5 wraiths
  3 basilisks
  50 yaks
  6 wyverns
  4 fire elementals
  2 hungry ghosts (D:15)
  7 hogs (Spider:1)
  A redback simulacrum (D:15)
  14 vampire mosquitoes
  21 swamp worms
  11 wargs
  18 soldier ants
  15 insubstantial wisps
  6 hell hounds (D:13)
  Edmund (D:6)
  15 water moccasins
  A spectral hornet (Spider:4)
  8 porcupines
  Duvessa (D:6)
  A hornet zombie (D:7)
  10 ice beasts
  67 orc warriors
  3 sky beasts
  An eye of draining (D:14)
  3 black bears
  10 swamp drakes
  2 phantoms
  4 boggarts (Vaults:2)
  2 necrophages
  27 ogres
  26 wolves
  2 big kobolds (D:10)
  10 crocodiles
  13 bullfrogs
  2 earth elementals
  2 gnoll sergeants
  Dowan (D:6)
  2 scorpions
  13 killer bees
  3 wights (D:6)
  4 howler monkeys
  A lava snake (Lair:6)
  4 crimson imps
  3 bullfrog zombies
  4 centaur zombies
  6 centaur skeletons
  2 draconian simulacra (IceCv)
  A gnoll shaman (D:6)
  28 orc priests
  12 hounds
  5 jellies
  A bullfrog skeleton (D:7)
  6 iguanas
  Ijyb (D:4)
  Terence (D:2)
  31 orc wizards
  36 worker ants
  4 hell rats (Lair:6)
  5 troll simulacra (IceCv)
  3 centaur simulacra
  A hound skeleton (D:7)
  A hound zombie (D:5)
  19 gnolls
  A river rat (D:5)
  10 adders
  An ogre simulacrum (IceCv)
  A shadow imp (D:7)
  An ooze (D:4)
  An adder skeleton (D:9)
  3 worms
  A dart slug (D:2)
  4 leopard geckos
  126 orcs
  9 ball pythons
  5 bats
  4 giant cockroaches
  12 goblins
  12 hobgoblins
  10 jackals
  19 kobolds
  3 quokkas
  9 frilled lizards
  A goblin zombie (D:3)
  A jackal skeleton (D:4)
  A jackal zombie (D:8)
  A leopard gecko zombie (D:5)
  A quokka skeleton (D:9)
  10 rats
  A fire vortex (Lair:6)
  5 fungi
  3 plants (Lair:6)
1816 creatures vanquished.

Vanquished Creatures (others)
  A stone giant (Vaults:2)
  A spark wasp (Spider:3)
  4 hydras
  A two-headed ogre (D:15)
  A death scarab (Spider:4)
  An alligator (Swamp:1)
  A deep elf knight (Elf:2)
  A shadow wraith (Vaults:2)
  An ugly thing (Vaults:3)
  2 deep elf magi (Elf:1)
  2 wolf spiders
  An orb spider (Spider:4)
  4 yaktaurs
  A troll (D:12)
  3 jumping spiders
  3 slime creatures
  A blink frog (Swamp:2)
  A yak (D:12)
  An elf simulacrum (Vaults:5)
  A swamp worm (Swamp:2)
  A water moccasin (shapeshifter) (D:14)
  A hell hound (D:13)
  An ogre (D:15)
  A bullfrog (Lair:2)
  An adder (D:11)
  A gnoll (D:8)
  A plant (Sewer)
39 creatures vanquished.

Grand Total: 1855 creatures vanquished

Notes
Turn   | Place    | Note
-------+----------+-------------------------------------------
     0 | D:1      | gwathlobal the Hill Orc Fighter began the quest for the Orb.
     0 | D:1      | Reached XP level 1. HP: 19/19 MP: 1/1
    46 | D:1      | Reached skill level 3 in Axes
    92 | D:1      | Reached XP level 2. HP: 23/26 MP: 2/2
   751 | D:1      | Reached XP level 3. HP: 33/33 MP: 3/3
  1049 | D:2      | Reached skill level 4 in Axes
  1099 | D:2      | Reached XP level 4. HP: 39/40 MP: 4/4
  1317 | D:2      | Found a sacrificial altar of Ru.
  1335 | D:2      | Became a worshipper of Ru the Awakened
  1471 | D:2      | Noticed Terence
  1478 | D:2      | Killed Terence
  1487 | D:2      | Found a burning altar of Makhleb.
  1649 | D:2      | Found an iron altar of Okawaru.
  1650 | D:2      | Found a shattered altar of Ashenzari.
  1749 | D:3      | Reached XP level 5. HP: 46/46 MP: 5/5
  1753 | D:3      | Noticed Sigmund
  1812 | D:3      | Noticed a human
  1815 | D:3      | Found a runed door.
  1830 | D:3      | Found a basalt altar of Yredelemnul.
  2005 | D:3      | Reached skill level 5 in Axes
  2016 | D:3      | Noticed a black bear
  2026 | D:3      | Killed a black bear
  2172 | D:4      | Reached XP level 6. HP: 45/52 MP: 6/6
  2210 | D:4      | Reached skill level 6 in Axes
  2594 | D:4      | Noticed Ijyb
  2632 | D:4      | Killed Ijyb
  2648 | D:4      | Gained mutation: You are hated by all. [Ru sacrifice]
  2648 | D:4      | Reached * piety under Ru
  2651 | D:4      | Found a blossoming altar of Fedhas.
  2792 | D:4      | Found Ynaifa Xarch's Weapon Shoppe.
  3108 | D:5      | Entered Level 5 of the Dungeon
  3162 | D:5      | Noticed gwathlobal's ghost (novice CeBe)
  3221 | D:5      | Found Hal Uxaz's Gadget Emporium.
  3317 | D:5      | Reached XP level 7. HP: 51/60 MP: 7/7
  3364 | D:5      | Reached skill level 5 in Shields
  3667 | D:5      | Found a glowing drain.
  3677 | D:5      | Reached skill level 7 in Axes
  3694 | Sewer    | Entered a sewer
  4351 | D:5      | Reached skill level 5 in Armour
  4378 | D:5      | Reached skill level 1 in Evocations
  4826 | D:5      | Killed gwathlobal's ghost
  4826 | D:5      | Reached skill level 5 in Fighting
  4826 | D:5      | Reached skill level 8 in Axes
  4826 | D:5      | Reached XP level 8. HP: 24/68 MP: 9/9
  5139 | D:6      | Noticed Dowan
  5141 | D:6      | Noticed Duvessa
  5141 | D:6      | Noticed Grinder
  5149 | D:6      | Killed Dowan
  5178 | D:6      | Paralysed by Grinder for 6 turns
  5183 | D:6      | HP: 2/68 [gnoll sergeant/spear of piercing (4)]
  5484 | D:6      | Found an opulent altar of Gozag.
  5517 | D:6      | Noticed Edmund
  5537 | D:6      | Killed Edmund
  5566 | D:6      | Reached skill level 9 in Axes
  5616 | D:6      | Reached XP level 9. HP: 28/75 MP: 11/11
  5894 | D:6      | Killed Grinder
  5895 | D:6      | Gained mutation: You cannot be stealthy. [Ru sacrifice]
  5895 | D:6      | Reached ** piety under Ru
  5934 | D:6      | Found a shattered altar of Ashenzari.
  5985 | D:6      | Killed Duvessa
  6161 | D:6      | Found a staircase to the Ecumenical Temple.
  6364 | D:7      | Reached skill level 10 in Axes
  6648 | D:7      | Found Zajiew's Food Boutique.
  6835 | D:4      | Bought a +2 war axe of electrocution for 269 gold pieces
  7260 | D:7      | Reached skill level 1 in Dodging
  7639 | D:8      | Reached skill level 5 in Evocations
  7708 | D:8      | Noticed a two-headed ogre
  7726 | D:8      | Killed a two-headed ogre
  7726 | D:8      | Reached skill level 11 in Axes
  7726 | D:8      | Reached XP level 10. HP: 84/84 MP: 12/14
  8394 | D:9      | Reached skill level 12 in Axes
  8510 | D:9      | Gained mutation: You are somewhat inexperienced. (-2 XL) [Ru sacrifice]
  8510 | D:9      | Reached XP level 9. HP: 79/79 MP: 13/13
  8510 | D:9      | Reached XP level 8. HP: 73/73 MP: 12/12
  8510 | D:9      | Reached *** piety under Ru
  8510 | D:9      | Reached **** piety under Ru
  8741 | D:9      | Reached XP level 9. HP: 70/79 MP: 13/13
  8909 | D:10     | Entered Level 10 of the Dungeon
  9063 | D:10     | Noticed a hornet
  9069 | D:10     | Killed a hornet
  9108 | D:10     | Found an opulent altar of Gozag.
  9264 | D:10     | Found a staircase to the Orcish Mines.
  9306 | D:10     | Reached XP level 10. HP: 80/88 MP: 14/14
  9513 | D:11     | Noticed a gargoyle
  9523 | D:11     | Killed a gargoyle
  9665 | D:11     | Found a labyrinth entrance.
  9670 | Lab      | Entered a labyrinth
  9824 | Lab      | Noticed a minotaur
  9838 | Lab      | Killed a minotaur
  9838 | Lab      | Reached skill level 13 in Axes
  9848 | Lab      | Got a fine diamond amulet
 10182 | Lab      | Identified the amulet "Ymyopi" {Gourm Str+4 Dex+3} (You found it in a labyrinth)
 10198 | Lab      | Got a pitted scale mail
 10209 | Lab      | Identified the +0 scale mail "Liseucs" {rN+} (You found it in a labyrinth)
 10215 | Lab      | Got a smoking chain mail
 10221 | Lab      | Identified the +7 chain mail "Omiklaink" {MR+ rCorr} (You found it in a labyrinth)
 10412 | D:11     | Noticed a green ugly thing
 10421 | D:11     | Killed a green ugly thing
 10424 | D:11     | Found a staircase to the Lair.
 10713 | D:11     | Noticed a cyclops
 10720 | D:11     | Killed a cyclops
 10909 | D:12     | Noticed a deep elf mage
 10973 | Orc:1    | Entered Level 1 of the Orcish Mines
 10980 | Orc:1    | Noticed a cyclops
 10994 | Orc:1    | Killed a cyclops
 11089 | Orc:1    | Found Noelets's Book Boutique.
 11117 | Orc:1    | Reached XP level 11. HP: 93/95 MP: 16/16
 11354 | Orc:2    | Entered Level 2 of the Orcish Mines
 11390 | Orc:2    | Noticed a two-headed ogre
 11395 | Orc:2    | Noticed a two-headed ogre
 11411 | Orc:2    | Killed a two-headed ogre
 11416 | Orc:2    | Killed a two-headed ogre
 11416 | Orc:2    | Reached skill level 14 in Axes
 11551 | Orc:2    | Noticed a two-headed ogre
 11559 | Orc:2    | Reached skill level 5 in Dodging
 11564 | Orc:2    | Killed a two-headed ogre
 11792 | Orc:2    | Found Korud's Gadget Emporium.
 11792 | Orc:2    | Noticed an orc knight
 11811 | Orc:2    | Killed an orc knight
 11829 | Orc:2    | Found a roughly hewn altar of Beogh.
 12024 | Orc:2    | Noticed an orc sorcerer
 12024 | Orc:2    | Noticed an orc knight
 12035 | Orc:2    | Killed an orc sorcerer
 12048 | Orc:2    | Killed an orc knight
 12122 | Orc:2    | Found Qunois's Antique Weapon Shoppe.
 12122 | Orc:2    | Noticed an orc knight
 12146 | Orc:2    | Killed an orc knight
 12153 | Orc:2    | Bought a scorched war axe for 348 gold pieces
 12153 | Orc:2    | Identified the +5 war axe "Giantbane" {chop, MR+} (You bought it in a shop on level 2 of the Orcish Mines)
 12462 | Orc:2    | Reached XP level 12. HP: 100/105 MP: 17/17
 12700 | Orc:2    | Reached skill level 15 in Axes
 12801 | Orc:2    | Identified a +0 pair of boots of running (You found it on level 2 of the Orcish Mines)
 12862 | Orc:2    | Found a staircase to the Elven Halls.
 12963 | Orc:2    | Noticed a two-headed ogre
 12972 | Orc:2    | Killed a two-headed ogre
 13029 | Orc:2    | Noticed a two-headed ogre
 13037 | Orc:2    | Killed a two-headed ogre
 13173 | Orc:2    | Reached skill level 10 in Fighting
 13187 | Orc:2    | Found a roughly hewn altar of Beogh.
 13188 | Orc:2    | Noticed an orc warlord
 13199 | Orc:2    | Killed an orc warlord
 13208 | Orc:2    | Noticed an orc high priest
 13221 | Orc:2    | Killed an orc high priest
 13272 | Orc:2    | Noticed an orc high priest
 13280 | Orc:2    | Killed an orc high priest
 13326 | Orc:2    | Found Xecik's Book Boutique.
 13328 | Orc:2    | Noticed an orc high priest
 13348 | Orc:2    | Killed an orc high priest
 13438 | Orc:2    | Noticed an orc high priest
 13451 | Orc:2    | Reached skill level 16 in Axes
 13469 | Orc:2    | Killed an orc high priest
 13748 | Orc:2    | Found Judiasush's Assorted Antiques.
 14150 | Lair:1   | Entered Level 1 of the Lair of Beasts
 14156 | Lair:1   | Reached XP level 13. HP: 108/114 MP: 19/19
 14427 | Lair:1   | Noticed Fannar
 14468 | Lair:1   | Killed Fannar
 14826 | Orc:2    | Bought a scratched copper ring for 130 gold pieces
 16287 | Lair:3   | Reached skill level 10 in Shields
 16592 | Lair:3   | Learned a level 3 spell: Confuse
 16596 | Lair:3   | Learned a level 3 spell: Tukima's Dance
 16931 | Lair:4   | Found a frozen archway.
 16956 | IceCv    | Entered an ice cave
 16982 | IceCv    | Reached skill level 1 in Hexes
 17370 | IceCv    | Reached skill level 1 in Spellcasting
 17502 | IceCv    | Reached XP level 14. HP: 124/124 MP: 21/21
 17520 | IceCv    | Got a distressingly furry helmet
 17545 | IceCv    | Identified the +2 helmet of the Prince of Darkness {Stlth+} (You found it in an ice cave)
 17777 | Lair:4   | Reached skill level 17 in Axes
 17973 | Lair:4   | Noticed Urug
 17992 | Lair:4   | Killed Urug
 18122 | Lair:4   | Found a staircase to the Swamp.
 18248 | Lair:4   | Found a hole to the Spider Nest.
 18557 | Lair:5   | Noticed an entropy weaver
 18572 | Lair:5   | Noticed an entropy weaver
 18574 | Lair:5   | Killed an entropy weaver
 18582 | Lair:5   | Killed an entropy weaver
 18683 | Lair:5   | Gained mutation: You cannot study or cast Fire magic. [Ru sacrifice]
 18683 | Lair:5   | Gained mutation: You cannot study or cast Transmutations magic. [Ru sacrifice]
 18683 | Lair:5   | Gained mutation: You cannot study or cast Summoning magic. [Ru sacrifice]
 18683 | Lair:5   | Reached ***** piety under Ru
 19094 | Lair:5   | Gained mutation: You have sharp toenails. [potion of mutation]
 19094 | Lair:5   | Gained mutation: Scrolls take you a little longer to read. [potion of mutation]
 19094 | Lair:5   | Gained mutation: You are resistant to electric shocks. (rElec) [potion of mutation]
 19327 | Lair:6   | Entered Level 6 of the Lair of Beasts
 19551 | Lair:6   | Reached skill level 10 in Armour
 19639 | Lair:6   | Reached XP level 15. HP: 125/134 MP: 22/22
 19789 | Lair:6   | Reached skill level 18 in Axes
 20044 | Lair:6   | Found a runed door.
 20044 | Lair:6   | Found a viscous altar of Jiyva.
 20044 | Lair:6   | Found a staircase to the Slime Pits.
 20565 | Lair:2   | Reached skill level 5 in Hexes
 22025 | D:13     | Noticed Azrael
 22059 | D:13     | Killed Azrael
 22426 | D:13     | Noticed Snorg
 22441 | D:13     | Killed Snorg
 23212 | D:14     | Found a shadowy altar of Dithmenos.
 23497 | D:14     | Found a gate to the Vaults.
 23776 | D:15     | Entered Level 15 of the Dungeon
 24218 | D:14     | Reached skill level 5 in Spellcasting
 24218 | D:14     | Reached XP level 16. HP: 145/145 MP: 23/23
 24278 | D:15     | Reached XP level 17. HP: 131/151 MP: 21/24
 24365 | D:15     | Found a staircase to the Depths.
 25854 | Elf:1    | Entered Level 1 of the Elven Halls
 26070 | Elf:1    | Identified a scroll of acquirement
 26070 | Elf:1    | Got a heavily runed brass ring
 26073 | Elf:1    | Identified the ring of Jihid {MR+ Dex+4} (You acquired it on level 1 of the Elven Halls)
 26354 | Elf:1    | Reached skill level 15 in Fighting
 26355 | Elf:1    | Gained mutation: Potions are less effective at restoring your health. [a neqoxec]
 26356 | Elf:1    | Gained mutation: Your body sometimes deteriorates upon taking damage. [a neqoxec]
 26357 | Elf:1    | Gained mutation: You tend to lose your temper in combat. [a neqoxec]
 27419 | Elf:2    | Reached XP level 18. HP: 110/163 MP: 27/27
 28204 | Elf:2    | Noticed a Tzitzimitl
 28249 | Elf:2    | Found a runed gate.
 28250 | Elf:2    | Found a runed gate.
 28251 | Elf:2    | Found a runed gate.
 28420 | Elf:2    | Noticed Donald
 28442 | Elf:2    | Killed Donald
 28447 | Elf:2    | Got a jewelled shield {Donald}
 28450 | Elf:2    | Identified the +2 shield "Kata" {+Blink rPois rF+ MP-9} (You took it off Donald on level 2 of the Elven Halls)
 28714 | Spider:1 | Entered Level 1 of the Spider Nest
 28785 | Spider:1 | Noticed Kirke
 28803 | Spider:1 | Killed Kirke
 29415 | Spider:1 | Reached skill level 10 in Hexes
 30024 | Spider:2 | Noticed Arachne
 30062 | Spider:2 | Killed Arachne
 30656 | Spider:2 | Noticed Roxanne
 30793 | Spider:2 | Killed Roxanne
 31180 | Spider:3 | Identified the +2 quarterstaff "Nior" {crush, Int+5} (You found it on level 3 of the Spider Nest)
 31220 | Spider:3 | Reached XP level 19. HP: 139/174 MP: 21/30
 31679 | Spider:3 | Reached skill level 15 in Shields
 31744 | Spider:4 | Entered Level 4 of the Spider Nest
 33680 | Spider:4 | Reached skill level 19 in Axes
 33706 | Spider:4 | Got a gossamer rune of Zot
 33858 | Swamp:1  | Entered Level 1 of the Swamp
 34301 | Swamp:1  | Identified the +2 ring mail of Wiugg {Int+3 Slay+5} (You found it on level 1 of the Swamp)
 35034 | Swamp:2  | Reached XP level 20. HP: 186/187 MP: 23/32
 35265 | Swamp:2  | Reached skill level 10 in Evocations
 35796 | Swamp:3  | Noticed Gelerth's ghost (journeyman VSFi)
 35814 | Swamp:3  | Killed Gelerth's ghost
 36177 | Swamp:1  | Learned a level 6 spell: Invisibility
 36678 | Swamp:4  | Entered Level 4 of the Swamp
 36690 | Swamp:4  | Noticed Louise
 36727 | Swamp:4  | Killed Louise
 38081 | Swamp:4  | Got a decaying rune of Zot
 38404 | Vaults:1 | Entered Level 1 of the Vaults
 39431 | Vaults:1 | Reached skill level 10 in Spellcasting
 39525 | Vaults:1 | Reached XP level 21. HP: 196/196 MP: 21/35
 40055 | Vaults:2 | Reached skill level 20 in Axes
 42252 | Vaults:3 | Found a staircase to the Crypt.
 42252 | Vaults:3 | Found a basalt altar of Yredelemnul.
 42253 | Vaults:3 | Found an ancient bone altar of Kikubaaqudgha.
 42542 | Vaults:3 | Found Ziukev's Magic Scroll Shoppe.
 42656 | Vaults:3 | Lost mutation: You tend to lose your temper in combat. [potion of mutation]
 42656 | Vaults:3 | Lost mutation: You are resistant to electric shocks. (rElec) [potion of mutation]
 42656 | Vaults:3 | Lost mutation: You have sharp toenails. [potion of mutation]
 42656 | Vaults:3 | Gained mutation: You can translocate small distances at will. [potion of mutation]
 42656 | Vaults:3 | Gained mutation: Your spells are a little harder to cast, but a little more powerful. [potion of mutation]
 42656 | Vaults:3 | Gained mutation: You possess an exceptional clarity of mind. [potion of mutation]
 42661 | Vaults:3 | Identified the +1 pair of gloves "Foxed" {+Inv rPois Str-3} (You found it on level 3 of the Vaults)
 43225 | Vaults:3 | Identified the Volume of Attacks and Poisoning
 43759 | Vaults:4 | Reached XP level 22. HP: 99/209 MP: 28/37
 44363 | Vaults:4 | Reached skill level 21 in Axes
 44621 | Vaults:4 | Found Googishry's Jewellery Shop.
 44654 | Vaults:4 | Bought the ring of Suspected Treachery {+Fly Int+4} for 427 gold pieces
 45568 | Vaults:5 | Entered Level 5 of the Vaults
 45613 | Vaults:5 | Noticed Sharkie's ghost (veteran HOMo)
 46047 | Vaults:5 | Noticed a golden dragon
 46052 | Vaults:5 | Noticed an ancient lich
 46060 | Vaults:4 | Killed from afar by a shadow dragon

Skill      XL: |  1  2  3  4  5  6  7  8  9 10 11 12 13 14 15 16 17 18 19 20 21 22 |
---------------+-------------------------------------------------------------------+-----
Axes           | 3 4 5 6 8 9 11 13 14 16 17 18 19 20 21 | 21.5
Fighting       | 4 5 8 7 9 10 11 12 13 15 16 18 19 20 | 20.8
Armour         | 4 5 6 7 8 9 10 11 12 13 14 | 14.3
Shields        | 4 5 6 7 8 9 10 11 12 13 14 15 | 15.0
Evocations     | 2 6 5 7 8 9 10 | 10.4
Dodging        | 2 4 5 6 7 |  7.4
Hexes          | 2 4 7 9 10 11 12 13 14 | 14.5
Spellcasting   | 1 3 5 6 7 8 10 11 | 11.8

Action                   |  1- 3 |  4- 6 |  7- 9 | 10-12 | 13-15 | 16-18 | 19-21 | 22-24 || total
-------------------------+-------+-------+-------+-------+-------+-------+-------+-------++-------
Melee: War axe           |   106 |   173 |   502 |   566 |  1284 |  1035 |  2001 |   335 ||  6002
       Glaive            |       |       |       |       |     6 |       |       |       ||     6
       Hand axe          |       |       |       |       |       |       |     8 |       ||     8
 Cast: Confuse           |       |       |       |       |     2 |    28 |    78 |     4 ||   112
       Tukima's Dance    |       |       |       |       |       |     4 |    44 |     8 ||    56
Invok: Sacrifice Love    |       |     1 |       |       |       |       |       |       ||     1
       Sacrifice Experie |       |       |     1 |       |       |       |       |       ||     1
       Sacrifice Stealth |       |       |     1 |       |       |       |       |       ||     1
       Reject Sacrifices |       |       |       |     1 |     2 |     2 |     1 |       ||     6
       Draw Out Power    |       |       |       |     4 |     1 |     1 |     2 |       ||     8
       Sacrifice Arcana  |       |       |       |       |     1 |       |       |       ||     1
       Apocalypse        |       |       |       |       |       |       |       |     2 ||     2
 Abil: Evoke Blink       |       |       |       |       |       |       |     6 |     1 ||     7
Evoke: Wand              |       |       |    31 |    31 |    20 |       |    85 |     2 ||   169
  Use: Scroll            |     2 |     1 |    11 |     9 |    10 |     9 |    14 |       ||    56
       Potion            |       |     7 |     4 |     3 |     5 |     4 |     2 |     7 ||    32
 Stab: Paralysed         |       |     1 |    12 |    18 |       |       |     4 |    11 ||    46
       Invisible         |       |     1 |     1 |     2 |     6 |    12 |    22 |    14 ||    58
       Confused          |       |       |     7 |    11 |       |     2 |    41 |     7 ||    68
       Distracted        |       |       |     1 |     5 |     7 |     9 |    12 |     2 ||    36
       Petrified         |       |       |       |       |    27 |       |       |       ||    27
       Petrifying        |       |       |       |       |     2 |       |       |       ||     2
  Eat: Chunk             |     1 |     7 |     8 |    27 |    31 |    32 |    49 |     7 ||   162
       Meat ration       |       |       |     2 |       |       |       |       |       ||     2
       Bread ration      |       |       |       |     1 |       |       |       |       ||     1
Armor: Scale mail        |    31 |    69 |   168 |    18 |       |       |       |       ||   286
       Plate armour      |       |       |     5 |     7 |       |       |       |       ||    12
       Chain mail        |       |       |       |    95 |   335 |   326 |   770 |    96 ||  1622
Dodge: Dodged            |    28 |    49 |   122 |   160 |   498 |   298 |   987 |   104 ||  2246
Block: Shield            |    54 |    82 |   232 |   264 |   638 |   525 |  1466 |   198 ||  3459
